[Event "Early-Titled-Tuesday-Blitz-May-07-2024"]
[Site "Chess.com"]
[Date "2024.05.07"]
[Round "9"]
[White "mishanick"]
[Black "penguingm1"]
[Result "1-0"]
[WhiteElo "3047"]
[BlackElo "2922"]
[TimeControl "180+1"]
[EndTime "9:54:28 PDT"]
[Termination "mishanick won on time"]

1. d4 d5 2. c4 e6 3. Nc3 Be7 4. Nf3 Nf6 5. Bg5 h6 6. Bxf6 Bxf6 7. e3 O-O 8. Rc1 c6 9. Bd3 Nd7 10. O-O b6 11. e4 dxe4 12. Nxe4 c5 13. Nxf6+ Qxf6 14. Be4 Rb8 15. Qa4 Bb7 16. Bxb7 Rxb7 17.
Qc6 Rfb8 18. Rfd1 cxd4 19. Rxd4 Ne5 20. Nxe5 Qxe5 21. Rcd1 Rc7 22. Qf3 g6 23. a4 Kg7 24.
g3 Rbc8 25. b3 a6 26. Rd7 Qf5 27. Qc3+ Qf6 28. Qb4 Rxd7 29. Rxd7 Rc6 30. h4 h5 31. Kg2 a5 32. Qb5 e5 33. Qd5 Re6 34. Qe4 Rc6 35.
Rd5 Re6 36. Rb5 Qe7 37. Qe3 Qc7 38. Kg1 e4 39. Qd4+ Kh7 40. Kg2 Qc6 41. Rd5 Re8 42.
Rd6 Qa8 43. Rd5 Re6 44. Kg1 Re8 45. Rd7 Kg8 46. Qf6 Rf8 47. Qe5 Qc6 48. Re7 Rd8 49.
Qf4 Rf8 50. Qxe4 Qc5 51. Qe3 Qb4 52. Rd7 Rb8 53. Qe7 Qxe7 54. Rxe7 Rd8 55. Re5 Rd6 56. Rb5 Kg7 57. c5 bxc5 58. Rxc5 Rd3 59. Rb5 Kf6 60. Kf1 Rd1+ 61. Ke2 Rb1 62. Kd3 Rb2 63. f3 Rg2 64.
Rg5 Ke6 65. Kc4 f6 66. Rxg6 Kf7 67. Rh6 Rxg3 68. Rxh5 Rxf3 69. Rxa5 f5 70. Rd5 f4 71. a5 Ke6 72. a6 Rg3 73. Ra5 f3 74. a7 f2 75. Ra1 Rg8 76. Rf1 Ra8 77. Rxf2 Rxa7 78. Rh2 Rc7+ 79. Kd3 Rb7 80. Kc3 Rc7+ 81. Kb2 Kf5 82. b4 Rh7 83. Kb3 Ke5 84. h5 Kd6 85. h6 Kc6 86. Rh5 Kb6 87. Kc4 Ka6 88. b5+ Ka5 89. Kc5 Rd7 90. Kc6 Rh7 91. b6+ Ka6 92. Rh1 Rc7+ 93. bxc7 1-0

[Event "Early-Titled-Tuesday-Blitz-May-07-2024"]
[Site "Chess.com"]
[Date "2024.05.07"]
[Round "9"]
[White "ValentinDragnev"]
[Black "K_A_S_T_O_R"]
[Result "1/2-1/2"]
[WhiteElo "2730"]
[BlackElo "2861"]
[TimeControl "180+1"]
[EndTime "9:54:28 PDT"]
[Termination "Game drawn by repetition"]

1. e4 e6 2. d4 d5 3. Nd2 Nf6 4. e5 Nfd7 5. Ngf3 c5 6. c3 Nc6 7. Bd3 cxd4 8. cxd4 Nb6 9. O-O Bd7 10. a3 a5 11. b3 a4 12. b4 Na7 13. Qe2 Rc8 14.
Bb2 Be7 15. Rac1 O-O 16. g3 Qe8 17. Rxc8 Nbxc8 18. Rc1 Nb6 19. Qd1 Bb5 20. Bb1 Qd7 21.
h4 Rc8 22. h5 Rxc1 23. Qxc1 Qc6 24. Qd1 g6 25. Nh2 Nc4 26. Nxc4 Qxc4 27. hxg6 hxg6 28. Ng4 Qe2 29. Bc2 Qxd1+ 30. Bxd1 Nc8 31. Ne3 Nb6 32. f4 Bd3 33. Kf2 Kf8 34. Ke1 Ke8 35.
Kd2 Bb5 36. Kc3 Kd7 37. Bc1 Nc8 38. Bd2 Na7 39. Kb2 Bc6 40. Nc2 b5 41. Ne1 Nc8 42.
Bc1 Nb6 43. Kc3 Nc4 44. Nd3 Ke8 45. Nc5 Kd8 46. Be2 Kc7 47. Bd3 Bd7 48. Na6+ Kb6 49.
Nc5 Bc8 50. Bc2 Kc6 51. Bd3 Kc7 52. Bc2 Kd8 53. g4 Bh4 54. Bd3 Be1+ 55. Kc2 Kc7 56. Be2 Bf2 57. Kd3 Kc6 58. Bf3 Bh4 59. Bd1 f5 60.
Be2 Be7 61. g5 Bxc5 62. dxc5 Ba6 63. Bh5 Kd7 64. Bxg6 Ke7 65. Bh5 Bb7 66. Kd4 Bc6 67.
Bf3 Kf8 68. Be2 Kg7 69. Bd1 Kg6 70. Be2 Kg7 71. Bf3 Kg6 72. Kd3 Kg7 73. Ke2 Kg6 74. Kf2 Bd7 75. Kg3 Kg7 76. Kh4 Be8 77. Be2 Bc6 78. Bf3 Bd7 79. Kg3 Bc6 80. Kf2 Bd7 81. Bh5 Bc6 82. Ke2 Bd7 83. Kd3 Bc6 84. Kd4 Kf8 85. Bg6 Kg7 86. Bh5 Kf8 87. Be2 Kg7 1/2-1/2

[Event "Early-Titled-Tuesday-Blitz-May-07-2024"]
[Site "Chess.com"]
[Date "2024.05.07"]
[Round "9"]
[White "Rhesh29"]
[Black "Journey_to_GrandMaster_YT"]
[Result "1-0"]
[WhiteElo "2409"]
[BlackElo "2519"]
[TimeControl "180+1"]
[EndTime "9:54:29 PDT"]
[Termination "Rhesh29 won by checkmate"]

1. e4 d6 2. d4 Nf6 3. Nc3 e5 4. dxe5 dxe5 5. Qxd8+ Kxd8 6. Bg5 c6 7. a3 Nd7 8. Nf3 Bc5 9. Bd3 b5 10. O-O Ke7 11. Rad1 Bb6 12. h3 h6 13. Bh4 Bc7 14. Ne2 g5 15. Bg3 Nh5 16. Bh2 Nf4 17. Bxf4 gxf4 18. Nh4 Nc5 19. Nc3 Rg8 20. Kh2 a5 21. Bxb5 Bd7 22. Bc4 Rab8 23. b3 Rg5 24. Nf3 Rg7 25. Rg1 Be6 26. Bxe6 Nxe6 27. Na4 Bd6 28. Rd3 f6 29. Rgd1 Bxa3 30. Rd7+ Ke8 31. Rxg7 Nxg7 32. Nh4 Be7 33. Ng6 Ne6 34. Rd2 Rd8 35.
Rxd8+ Bxd8 36. c3 f5 37. exf5 Ng7 38. Nxe5 Nxf5 39. Nxc6 Bc7 40. Kg1 Kd7 41. Na7 Nd6 42. Nc5+ Ke7 43. Nc6+ Kf6 44. Nd3 Ne4 45. c4 Nd2 46.
Nd4 h5 47. f3 Bb6 48. c5 Bc7 49. Kf2 Nb1 50. Ke2 Nc3+ 51. Kd2 Nd5 52. Nf2 Ne3 53. Ne4+ Ke5 54. Nc6+ Kd5 55. Ne7+ Ke6 56. Nc6 Nxg2 57.
Nd4+ Kd5 58. Nb5 Bd8 59. Nbc3+ Kc6 60. Kd3 Be7 61. Kc4 Ne1 62. Nd5 Bd8 63. Nxf4 h4 64. Ne6 Be7 65. Nd4+ Kd7 66. Kd5 Nd3 67. c6+ Kc8 68.
Ke6 Bd8 69. Nb5 Nf4+ 70. Kf7 Nxh3 71. Ned6+ Kb8 72. Ke8 Bb6 73. Kd7 Ng5 74. Nc4 Bc7 75. Nxc7 h3 76. Na6+ Ka7 77. c7 h2 78. c8=Q h1=Q 79. Qb8+ Kxa6 80. Qb6# 1-0

[Event "Early-Titled-Tuesday-Blitz-May-07-2024"]
[Site "Chess.com"]
[Date "2024.05.07"]
[Round "9"]
[White "Jospem"]
[Black "platy3"]
[Result "1/2-1/2"]
[WhiteElo "3045"]
[BlackElo "2870"]
[TimeControl "180+1"]
[EndTime "9:54:52 PDT"]
[Termination "Game drawn by 50-move rule"]

1. e4 c5 2. Nf3 Nc6 3. c3 Nf6 4. Bd3 d5 5. e5 c4 6. Bc2 Nd7 7.
e6 fxe6 8. b3 Nc5 9. Qe2 Nd3+ 10. Bxd3 cxd3 11. Qxd3 e5 12. Qe2 e4 13. Nd4 g6 14. d3 Nxd4 15. cxd4 Bg7 16. Bb2 exd3 17. Qxd3 Bf5 18. Qd2 O-O 19. O-O Rc8 20. Nc3 Qd7 21.
Rfe1 h6 22. Rad1 g5 23. Rc1 Bg6 24. Nd1 Rxc1 25. Bxc1 e6 26. Ne3 h5 27. h3 b6 28. Nf1 Bf6 29. Qd1 Qf7 30. Be3 Bf5 31. Ng3 Bg6 32. Nf1 Rc8 33. Nh2 Bf5 34. Qf3 Qg6 35. g4 Be4 36. gxh5 Bxf3 37. hxg6 Be4 38. Ng4 Kg7 39. f4 gxf4 40. Nxf6 Kxf6 41. Bxf4 Rc2 42. Re3 Kxg6 43. Rg3+ Kf5 44. Be5 Rxa2 45. h4 Ra1+ 46. Kf2 Bh1 47. h5 Be4 48. h6 Ra2+ 49. Ke1 Ra1+ 50.
Kd2 Rh1 51. Bg7 b5 52. Rc3 a5 53.
Rc5 a4 54. Rxb5 a3 55. Ra5 a2 56. Kc3 a1=Q+ 57. Rxa1 Rxa1 58. h7 Rh1 59. h8=Q Rxh8 60.
Bxh8 Bg2 61. Kb4 Bf1 62. Kc5 Kg6 63. b4 Kf7 64. Kc6 Ke7 65. Be5 Kd8 66. b5 Kc8 67.
Bf4 Be2 68. Bg3 Bf1 69. Be5 Be2 70. b6 Ba6 71. Kd6 Kb7 72. Kxe6 Kxb6 73. Kxd5 Bb7+ 74.
Kd6 Be4 75. Bf6 Bf3 76. Bg7 Bg2 77. Bh8 Bf3 78. Ke5 Bg2 79. Kf4 Bh1 80. Ke3 Bd5 81.
Kf2 Kc6 82. Kg3 Kd7 83. Kf4 Kc6 84. Ke5 Bg2 85. Bg7 Bd5 86. Bf8 Bg2 87. Bc5 Bd5 88.
Kf4 Bg2 89. Kg3 Bd5 90. Kf2 Bc4 91. Ke3 Bd5 92. Kd2 Be6 93. Kc3 Bd5 94. Kb4 Be6 95. Ka5 Bd5 96. Ka6 Be6 97. Ka7 Bd5 98. Kb8 Be6 99.
Ba7 Bd5 100. Kc8 Bc4 101. Kd8 Bd5 102. Ke7 Bc4 103. Kf6 Kd5 104. Bb6 Bb5 105. Bc5 Ba6 106. Kf5 Bb5 107. Kf4 Ba4 108. Ke3 Bb5 109. Kf2 Ba6 110. Kg1 Bb7 111. Kh1 Bc6 112. Kh2 Bd7 113. Kg3 Bc8 114. Kh4 Bb7 115. Kg5 Bc6 116. Kh6 Bb5 117. Kg7 Bc4 118. Kf8 Bb3 119. Ke7 Bc4 120. Kd8 Bd3 121. Kc7 Bc2 122. Kb6 Bd3 123. Ka5 1/2-1/2

[Event "Early-Titled-Tuesday-Blitz-May-07-2024"]
[Site "Chess.com"]
[Date "2024.05.07"]
[Round "9"]
[White "KnightDuta"]
[Black "Mrlammy"]
[Result "1-0"]
[WhiteElo "2735"]
[BlackElo "2598"]
[TimeControl "180+1"]
[EndTime "9:55:07 PDT"]
[Termination "KnightDuta won by checkmate"]

1. e4 e5 2. Nf3 Nc6 3. Bc4 Bc5 4. O-O Nf6 5. d3 O-O 6. h3 d5 7. exd5 Nxd5 8. Re1 Nb6 9. Bb3 Bd6 10. Nc3 Bf5 11. Ne4 Qd7 12. Nh4 Be6 13. Bxe6 Qxe6 14. Ng5 Qf6 15. Qh5 h6 16. Ne4 Qe6 17. Nf5 Ne7 18. g4 Nbd5 19. Bd2 Nf6 20. Nxf6+ Qxf6 21. Nxe7+ Bxe7 22. Qxe5 Qxe5 23. Rxe5 Bf6 24. Rd5 Rfe8 25. Be3 Re7 26. c3 c6 27. Rf5 Rae8 28. Kf1 Rd7 29. Ke2 Red8 30. d4 Re8 31. Kd3 Rde7 32. Rg1 Kf8 33.
Bxh6 Bh4 34. Be3 g6 35. Rf3 Kg7 36. g5 Re4 37. Rg4 Rxg4 38. hxg4 f6 39. gxf6+ Bxf6 40. g5 Bd8 41. Bf4 Kg8 42. Rg3 Rf8 43. Ke4 Kf7 44.
Be5 Ke6 45. f4 Be7 46. Rh3 Rf7 47. Rh8 Kd7 48. c4 Bd8 49. Rg8 Bc7 50. Rxg6 Bxe5 51. dxe5 Rg7 52. Kf5 Rf7+ 53. Rf6 Rh7 54. g6 Rh5+ 55.
Kg4 Rh1 56. f5 Ke7 57. Rf7+ Ke8 58. Rxb7 Rg1+ 59. Kh5 Kf8 60. f6 Rh1+ 61. Kg5 Rg1+ 62. Kf5 Ke8 63. g7 Kd8 64. Rxa7 Kc8 65. Rf7 c5 66. a4 Kb8 67. a5 Ka8 68. Rf8+ Ka7 69.
g8=Q Rxg8 70. Rxg8 Ka6 71. Rc8 Kxa5 72. Rxc5+ Ka4 73.
Rc8 Kb3 74. f7 Ka2 75. f8=N Kb1 76. c5 Ka1 77. e6 Ka2 78. e7 Kb1 79. e8=N Kc2 80.
Rb8 Kb1 81. c6 Ka1 82. c7 Ka2 83. c8=N Kb1 84. b4 Ka1 85. b5 Ka2 86. b6 Kb3 87. b7 Kb2 88. Ra8 Kc3 89. Ra3+ Kb4 90. Rb3+ Kxb3 91.
b8=N Kc4 92. Ke6 Kc5 93. Nbd7+ Kb5 94. Ne7 Kc4 95. Nfg6 Kd4 96. Nef6 Kc4 97. Nde5+ Kd4 98. Nf5+ Kc5 99. Nf4 Kb4 100. Kd5 Kc3 101. Ne4+ Kb4 102. Kd4 Kb5 103. Nc3+ Kb6 104. Kd5 Kc7 105. Kc5 Kb7 106. Nfd5 Ka6 107. Kc6 Ka5 108. Nd3 Ka6 109. Nd4 Ka5 110. Kc7 Ka6 111. Ne7 Ka5 112. Nb3+ Ka6 113. Ndc5+ Ka7 114. Nd2 Ka8 115. Nc4 Ka7 116. Kc8 Ka8 117. Ne2 Ka7 118. Nf4 Ka8 119. Nfd5 Ka7 120. Nc6+ Ka8 121. Nc7# 1-0

[Event "Early-Titled-Tuesday-Blitz-May-07-2024"]
[Site "Chess.com"]
[Date "2024.05.07"]
[Round "10"]
[White "MFatigue"]
[Black "chess123456s"]
[Result "0-1"]
[WhiteElo "2510"]
[BlackElo "2634"]
[TimeControl "180+1"]
[EndTime "9:57:46 PDT"]
[Termination "chess123456s won by checkmate"]

1. e4 e5 2. Nf3 Nc6 3. d4 exd4 4. Bc4 Nf6 5. O-O Nxe4 6. Re1 d5 7. Bxd5 Qxd5 8. Nc3 Qh5 9. Nxe4 Be6 10. Bg5 Bd6 11.
Nxd6+ cxd6 12. Bf4 Qc5 13. c3 O-O-O 14. Nxd4 Nxd4 15. cxd4 Qd5 16. b3 Kb8 17. Qd2 h6 18. Bg3 Bd7 19. Rac1 Bc6 20. f3 Ka8 21. Re7 g5 22.
Rce1 f5 23. f4 gxf4 24. Qxf4 Qxg2# 0-1

[Event "Early-Titled-Tuesday-Blitz-May-07-2024"]
[Site "Chess.com"]
[Date "2024.05.07"]
[Round "10"]
[White "LeninGuerra"]
[Black "Happy1712Drummer"]
[Result "1-0"]
[WhiteElo "2653"]
[BlackElo "2511"]
[TimeControl "180+1"]
[EndTime "9:58:02 PDT"]
[Termination "LeninGuerra won by resignation"]

1. e4 c5 2. Nf3 e6 3. b4 cxb4 4. a3 d5 5. e5 Nc6 6. axb4 Bxb4 7.
Na3 Nh6 8. Nb5 O-O 9. c3 Be7 10.
d4 a6 11. Bxh6 gxh6 12. Qd2 Kg7 13. h4 Rb8 14. Na3 b5 15. Nc2 b4 16. Rh3 bxc3 17. Rg3+ Kh8 18. Qxh6 Rg8 19. Bd3 1-0

[Event "Early-Titled-Tuesday-Blitz-May-07-2024"]
[Site "Chess.com"]
[Date "2024.05.07"]
[Round "10"]
[White "Boxerandchessplayer"]
[Black "pfalcon1949"]
[Result "1-0"]
[WhiteElo "2238"]
[BlackElo "1954"]
[TimeControl "180+1"]
[EndTime "9:58:35 PDT"]
[Termination "Boxerandchessplayer won by resignation"]

1. Nf3 d5 2. e3 e6 3. c4 Nf6 4. Nc3 Be7 5. b3 O-O 6. Bb2 b6 7. Be2 Bb7 8. O-O c5 9. cxd5 Nxd5 10. d4 cxd4 11. Nxd4 Nc6 12. Nxd5 Qxd5 13. Bf3 Qd7 14. Nxc6 Bxc6 15. Qxd7 Bxd7 16. Bxa8 Rxa8 17. Rfd1 Bc6 18.
Rac1 Bd5 19. f3 Bd6 20. Rc2 Bc5 21. Bd4 Rc8 22. Bxc5 bxc5 23. e4 Ba8 24. Rxc5 1-0

[Event "Early-Titled-Tuesday-Blitz-May-07-2024"]
[Site "Chess.com"]
[Date "2024.05.07"]
[Round "10"]
[White "RantomOpening"]
[Black "KorolDimitriy75"]
[Result "0-1"]
[WhiteElo "2489"]
[BlackElo "2391"]
[TimeControl "180+1"]
[EndTime "9:58:54 PDT"]
[Termination "KorolDimitriy75 won by resignation"]

1. c4 c5 2. Nf3 g6 3. Nc3 Bg7 4. e3 Nf6 5. d4 cxd4 6. exd4 d5 7. cxd5 Nxd5 8. Qb3 Nxc3 9. bxc3 O-O 10. h4 Nc6 11.
h5 e5 12. hxg6 hxg6 13. Be3 Bg4 14. Be2 Bxf3 15. Bxf3 exd4 16. cxd4 Nxd4 17. Bxd4 Re8+ 18.
Kf1 Qxd4 19. Bd5 Qxa1+ 0-1

[Event "Early-Titled-Tuesday-Blitz-May-07-2024"]
[Site "Chess.com"]
[Date "2024.05.07"]
[Round "10"]
[White "Goffredo_Fofi"]
[Black "NikFil2013"]
[Result "0-1"]
[WhiteElo "2506"]
[BlackElo "2420"]
[TimeControl "180+1"]
[EndTime "9:59:04 PDT"]
[Termination "NikFil2013 won by resignation"]

1. e4 c5 2. d3 d6 3. g3 Nc6 4. Bg2 e6 5. f4 Nf6 6. Nf3 Be7 7. O-O O-O 8. h3 b6 9. g4 Bb7 10. Nc3 a6 11. Qe1 b5 12. g5 Nh5 13. Qh4 g6 14. Ne2 Nb4 15. Ne1 f6 16. gxf6 Bxf6 17.
Qg4 Qe8 18. c3 Nc6 19. Nf3 Bc8 20. Ng5 Bxg5 21. Qxg5 Bd7 22. Be3 Qe7 23. Qf6 Qxf6 24. Kh2 0-1

[Event "Early-Titled-Tuesday-Blitz-May-07-2024"]
[Site "Chess.com"]
[Date "2024.05.07"]
[Round "10"]
[White "JeFumeDesClopes"]
[Black "Szparu"]
[Result "0-1"]
[WhiteElo "2715"]
[BlackElo "2928"]
[TimeControl "180+1"]
[EndTime "9:59:08 PDT"]
[Termination "Szparu won by resignation"]

1. Nf3 d5 2. g3 Bg4 3. Bg2 Nd7 4. c4 e6 5. cxd5 exd5 6. Qb3 Nc5 7. Qc2 c6 8. O-O Ne6 9. e3 Bd6 10. b3 Ne7 11.
Bb2 h5 12. h3 Bf5 13. d3 Nc5 14. e4 dxe4 15. dxe4 Bxe4 16. Qe2 Bd3 17. Qe3 Bxf1 18. Bxf1 Ne6 19. Nc3 Qb6 20. Qe2 O-O-O 21. Na4 Qc7 22. Rc1 Nd5 23. a3 Rhe8 24. Qc4 Bxg3 25. fxg3 Qxg3+ 26. Bg2 Nef4 27. Qf1 0-1

[Event "Early-Titled-Tuesday-Blitz-May-07-2024"]
[Site "Chess.com"]
[Date "2024.05.07"]
[Round "10"]
[White "Legendinunknown"]
[Black "Baku_Boulevard"]
[Result "0-1"]
[WhiteElo "2827"]
[BlackElo "3014"]
[TimeControl "180+1"]
[EndTime "9:59:15 PDT"]
[Termination "Baku_Boulevard won by checkmate"]

1. d4 d6 2. c4 e5 3. Nf3 e4 4. Nfd2 f5 5. e3 Nf6 6. Nc3 g6 7. b4 Bg7 8. Qb3 O-O 9. Be2 Nc6 10. a4 Kh8 11. Ba3 f4 12. b5 fxe3 13. fxe3 Na5 14. Qc2 Ng4 15. Bxg4 Bxg4 16. Ncxe4 Qh4+ 17. Ng3 Rae8 18. Qc3 c5 19. bxc6 Nxc6 20. Ne4 Rxe4 21. Bxd6 Bxd4 22.
Qd3 Rxe3+ 23. Qxe3 Bxe3 24. Bxf8 Qf6 25. Ra3 Qf2# 0-1

[Event "Early-Titled-Tuesday-Blitz-May-07-2024"]
[Site "Chess.com"]
[Date "2024.05.07"]
[Round "10"]
[White "Iball95"]
[Black "only_strong_moves"]
[Result "1-0"]
[WhiteElo "2913"]
[BlackElo "2706"]
[TimeControl "180+1"]
[EndTime "9:59:15 PDT"]
[Termination "Iball95 won by resignation"]

1. e4 e5 2. Nf3 Nc6 3. Nc3 Nf6 4.
Bb5 Bd6 5. a3 a6 6. Bc4 O-O 7.
d3 h6 8. g4 b5 9. Ba2 b4 10. axb4 Bxb4 11. g5 Nh5 12. gxh6 g6 13. Rg1 Kh8 14. Bg5 f6 15. Bd2 Ne7 16. Nh4 Bxc3 17.
bxc3 Nf4 18. Bxf4 exf4 19. Nxg6+ Nxg6 20. Rxg6 Qe8 21. Rg7 Qe5 22. Kd2 Rb8 23. Qg4 d5 24. Rh7+ 1-0

[Event "Early-Titled-Tuesday-Blitz-May-07-2024"]
[Site "Chess.com"]
[Date "2024.05.07"]
[Round "10"]
[White "yashami"]
[Black "RebecaJimnz"]
[Result "1-0"]
[WhiteElo "803"]
[BlackElo "2282"]
[TimeControl "180+1"]
[EndTime "9:59:27 PDT"]
[Termination "yashami won by resignation"]

1. e4 c5 2. Nf3 Nc6 3. Bb5 g6 4. O-O Bg7 5. c3 Nf6 6. Re1 O-O 7. d4 cxd4 8. cxd4 d5 9. e5 Ne4 10. Bxc6 bxc6 11. Be3 Bg4 12. h3 Bd7 13. Nc3 Nxc3 14. bxc3 Rb8 15. Qa4 Qc7 16. c4 c5 17. Qa3 cxd4 18. Nxd4 Qxe5 19. cxd5 Qxd5 20. Rad1 Qd6 21. Qxa7 Ra8 22. Qb7 Rfb8 23. Qf3 Qf6 24. Bf4 Rb2 25. Qxa8+ 1-0

[Event "Early-Titled-Tuesday-Blitz-May-07-2024"]
[Site "Chess.com"]
[Date "2024.05.07"]
[Round "10"]
[White "yonaltimur"]
[Black "campochess"]
[Result "1-0"]
[WhiteElo "2369"]
[BlackElo "2149"]
[TimeControl "180+1"]
[EndTime "9:59:34 PDT"]
[Termination "yonaltimur won by resignation"]

1. e4 c5 2. Nf3 Nc6 3. Bb5 e5 4. O-O Bd6 5. c3 Nf6 6. d4 cxd4 7. cxd4 Qc7 8. d5 Ne7 9. Nc3 Bc5 10. Bg5 a6 11. Bd3 d6 12. Rc1 Bg4 13. b4 Bxb4 14. Nb5 Qxc1 15. Qxc1 axb5 16. Bxb5+ Kf8 17. Bxf6 gxf6 18.
Qh6+ Kg8 19. Qxf6 h6 20. Qxe7 Bxf3 21. gxf3 Rxa2 22. Kh1 1-0

[Event "Early-Titled-Tuesday-Blitz-May-07-2024"]
[Site "Chess.com"]
[Date "2024.05.07"]
[Round "10"]
[White "masterofpuppets2"]
[Black "LeoWin2012"]
[Result "1-0"]
[WhiteElo "2476"]
[BlackElo "2332"]
[TimeControl "180+1"]
[EndTime "9:59:39 PDT"]
[Termination "masterofpuppets2 won by resignation"]

1. d4 Nf6 2. c4 e6 3. Nf3 d5 4. Nc3 c6 5. e3 Bd6 6. Bd3 Nbd7 7. e4 dxe4 8. Nxe4 Nxe4 9. Bxe4 Nf6 10. Bc2 O-O 11.
O-O Re8 12. Qd3 c5 13. Bg5 cxd4 14. Nxd4 h6 15. Bxf6 Qxf6 16. Qh7+ Kf8 17. Nb5 Bb8 18. Nc3 a6 19. Rad1 b6 20. Be4 Ra7 21. Bc6 Qe5 22.
Qh8+ Ke7 23. Qxe8+ Kf6 24. Ne4+ Kg6 25. f4 Qxb2 26.
Qxc8 Rc7 27. Qxb8 Rxc6 28. Qe5 Qxe5 29. fxe5 Rxc4 1-0

[Event "Early-Titled-Tuesday-Blitz-May-07-2024"]
[Site "Chess.com"]
[Date "2024.05.07"]
[Round "10"]
[White "kemelgallo"]
[Black "Kotofeyca"]
[Result "1-0"]
[WhiteElo "2659"]
[BlackElo "2514"]
[TimeControl "180+1"]
[EndTime "9:59:41 PDT"]
[Termination "kemelgallo won by resignation"]

1. e4 c5 2. Nf3 d6 3. Bb5+ Bd7 4. Bxd7+ Qxd7 5. c4 Nf6 6. Nc3 Nc6 7. d4 cxd4 8.
Nxd4 Qg4 9. Nxc6 Qxg2 10. Rf1 bxc6 11. Qa4 Rc8 12. Be3 Nxe4 13. Qa6 Rc7 14. Qa5 Kd7 15.
O-O-O Nxc3 16. Qxc3 e6 17. Rg1 Qxh2 18. Rxg7 Bxg7 19.
Qxg7 Qe5 20. Qxe5 1-0

[Event "Early-Titled-Tuesday-Blitz-May-07-2024"]
[Site "Chess.com"]
[Date "2024.05.07"]
[Round "10"]
[White "felipelobo"]
[Black "zmarian"]
[Result "1-0"]
[WhiteElo "2100"]
[BlackElo "2256"]
[TimeControl "180+1"]
[EndTime "9:59:50 PDT"]
[Termination "felipelobo won by resignation"]

1. d4 Nf6 2. Bf4 e6 3. e3 Be7 4. Nf3 O-O 5. h3 b6 6. Bd3 Bb7 7. Nbd2 d5 8. O-O c5 9. c3 Nc6 10. Ne5 Nd7 11. Qf3 Ncxe5 12. dxe5 Kh8 13. Qh5 g6 14.
Qh6 Rg8 15. Nf3 d4 16. Ng5 Bxg5 17. Bxg5 Qf8 18. Qh4 dxc3 19. bxc3 Qg7 20. Rad1 Bc6 21. Be4 f6 22. exf6 Qf7 23. Bxc6 Ne5 24. Bxa8 Rxa8 25. Qe4 1-0

[Event "Early-Titled-Tuesday-Blitz-May-07-2024"]
[Site "Chess.com"]
[Date "2024.05.07"]
[Round "10"]
[White "Lily_Schirmbeck"]
[Black "dianamirza"]
[Result "0-1"]
[WhiteElo "1706"]
[BlackElo "1929"]
[TimeControl "180+1"]
[EndTime "9:59:53 PDT"]
[Termination "dianamirza won by resignation"]

1. c4 c5 2. Nf3 Nc6 3. g3 g6 4.
Bg2 Bg7 5. O-O e6 6. Nc3 Nge7 7. d3 O-O 8. e4 d5 9. exd5 exd5 10.
cxd5 Nxd5 11. d4 Nxc3 12. bxc3 cxd4 13. cxd4 Bg4 14. Be3 Bxf3 15. Bxf3 Nxd4 16. Bxd4 Qxd4 17. Qxd4 Bxd4 18. Rad1 Rfd8 19. Bxb7 Rab8 20. Bc6 Rb2 21. a4 Bxf2+ 22. Kh1 Rxd1 23. Rxd1 Bb6 24. Bb5 Rb4 25.
Rd2 Kg7 26. Kg2 Kf6 27. Re2 h5 28. Kf3 g5 29. Kg2 Bc5 30. Re4 Rxe4 0-1

[Event "Early-Titled-Tuesday-Blitz-May-07-2024"]
[Site "Chess.com"]
[Date "2024.05.07"]
[Round "10"]
[White "giovannibrandao7"]
[Black "BeReal24"]
[Result "0-1"]
[WhiteElo "2317"]
[BlackElo "2486"]
[TimeControl "180+1"]
[EndTime "9:59:54 PDT"]
[Termination "BeReal24 won by resignation"]

1. e4 c5 2. Nf3 d6 3. Bb5+ Nd7 4. O-O a6 5. Bxd7+ Bxd7 6. Re1 e6 7. c3 Nf6 8. d4 cxd4 9. cxd4 d5 10. e5 Ne4 11.
Nc3 Nxc3 12. bxc3 Be7 13. Bf4 O-O 14. Rb1 Bc6 15. Nd2 Qa5 16. Qg4 Rfc8 17. Re3 Bb5 18.
Rh3 Rxc3 19. Nf3 Rac8 20. Qh5 Bd3 21. Re1 Bg6 22. Qg4 Rxf3 0-1

[Event "Early-Titled-Tuesday-Blitz-May-07-2024"]
[Site "Chess.com"]
[Date "2024.05.07"]
[Round "10"]
[White "Blackwhite017"]
[Black "MarlonJodar"]
[Result "0-1"]
[WhiteElo "2124"]
[BlackElo "2279"]
[TimeControl "180+1"]
[EndTime "10:00:07 PDT"]
[Termination "MarlonJodar won on time"]

1. e4 e5 2. Nf3 Nc6 3. Bb5 a6 4.
Bxc6 dxc6 5. O-O Bg4 6. h3 h5 7. d3 Qf6 8. Nbd2 g5 9. Nc4 Bxf3 10. Qxf3 Qxf3 11. gxf3 f6 12. h4 gxh4 13. Kg2 Ne7 14. f4 Rg8+ 15. Kh3 exf4 16. Bxf4 Rg4 17. Bh2 Ng6 0-1

[Event "Early-Titled-Tuesday-Blitz-May-07-2024"]
[Site "Chess.com"]
[Date "2024.05.07"]
[Round "10"]
[White "jefferyx"]
[Black "platy3"]
[Result "1-0"]
[WhiteElo "3114"]
[BlackElo "2867"]
[TimeControl "180+1"]
[EndTime "10:00:10 PDT"]
[Termination "jefferyx won by resignation"]

1. c4 Nf6 2. Nc3 e5 3. g3 Bb4 4. Bg2 Bxc3 5. bxc3 O-O 6. e4 c6 7.
Nf3 Re8 8. O-O d5 9. cxd5 cxd5 10. exd5 Nxd5 11. Re1 Nc6 12. d4 Nxc3 13. Qd3 exd4 14.
Bg5 f6 15. Rxe8+ Qxe8 16. Re1 Qf7 17. Nxd4 fxg5 18. Nxc6 Bf5 19. Qxf5 bxc6 20. Qc5 Na4 21. Qxc6 Nb6 22. Bd5 Qxd5 23. Re8+ Kf7 24. Qxd5+ 1-0

[Event "Early-Titled-Tuesday-Blitz-May-07-2024"]
[Site "Chess.com"]
[Date "2024.05.07"]
[Round "10"]
[White "viktorgen2021"]
[Black "manitodeplomo"]
[Result "0-1"]
[WhiteElo "2499"]
[BlackElo "2613"]
[TimeControl "180+1"]
[EndTime "10:00:18 PDT"]
[Termination "manitodeplomo won by resignation"]

1. e4 Nc6 2. Nc3 Nf6 3. g3 e5 4. Bg2 Bc5 5. Nge2 d6 6. O-O a6 7. h3 Be6 8. Rb1 Qd7 9. Kh2 d5 10. exd5 Nxd5 11. b4 Bxb4 12. Nxd5 Bxd5 13. c3 Bc5 14. d4 Bxg2 15. Kxg2 exd4 16. cxd4 Bb6 17. Ba3 O-O-O 18. Kh2 Rhe8 19. Nf4 Nxd4 20. Rc1 Kb8 21. Qh5 Qf5 0-1

[Event "Early-Titled-Tuesday-Blitz-May-07-2024"]
[Site "Chess.com"]
[Date "2024.05.07"]
[Round "10"]
[White "Burgsvik"]
[Black "VirtualCoach"]
[Result "1-0"]
[WhiteElo "2329"]
[BlackElo "2150"]
[TimeControl "180+1"]
[EndTime "10:00:20 PDT"]
[Termination "Burgsvik won by resignation"]

1. e4 c5 2. Nf3 Nc6 3. d4 cxd4 4.
Nxd4 Nf6 5. Nc3 e5 6. Ndb5 d6 7. Bg5 a6 8. Na3 b5 9. Nd5 Be7 10. Bxf6 Bxf6 11. c4 b4 12. Nc2 Bg5 13. g3 O-O 14.
Bg2 Rb8 15. b3 Kh8 16. O-O f5 17. f4 Bf6 18. Nxf6 Qxf6 19. exf5 Nd4 20. Nxd4 exd4 21.
g4 h5 22. h3 Bd7 23. Qd3 Rbe8 24. Rad1 Qh4 25. Rf3 Bc6 26. Rf2 hxg4 27. Bxc6 Re3 28. Qxd4 Qg3+ 29. Rg2 Qxh3 30. Rh2 1-0

[Event "Early-Titled-Tuesday-Blitz-May-07-2024"]
[Site "Chess.com"]
[Date "2024.05.07"]
[Round "10"]
[White "klifus"]
[Black "s_stefi"]
[Result "0-1"]
[WhiteElo "2164"]
[BlackElo "1981"]
[TimeControl "180+1"]
[EndTime "10:00:27 PDT"]
[Termination "s_stefi won by checkmate"]

1. e4 e5 2. Nf3 Nc6 3. Bc4 Bc5 4. O-O Nf6 5. d3 d6 6. c3 a5 7. a4 O-O 8. Nbd2 Be6 9. Re1 Ba7 10. h3 Ne7 11.
Bxe6 fxe6 12. Qb3 Qd7 13. Qxb7 Rfb8 14. Qxa8 Rxa8 15. d4 exd4 16. cxd4 Ng6 17. Nc4 Bb6 18. Bd2 d5 19. exd5 exd5 20. Nxb6 cxb6 21. Ne5 Nxe5 22.
dxe5 Ne4 23. Be3 Qe6 24. Bd4 Rc8 25. f3 Nc5 26. g4 Nb3 27. Rad1 Nxd4 28. Rxd4 Rc2 29.
b3 Rb2 30. Re3 Qh6 31. f4 Qh4 32. Rf3 Qe1+ 33. Rf1 Qe3+ 34. Kh1 Qxd4 35. e6 Qe4+ 36. Rf3 Qxf3+ 37. Kg1 Qg2# 0-1

[Event "Early-Titled-Tuesday-Blitz-May-07-2024"]
[Site "Chess.com"]
[Date "2024.05.07"]
[Round "10"]
[White "FREDERICKtheMATE"]
[Black "Nadtkins"]
[Result "1-0"]
[WhiteElo "2697"]
[BlackElo "2536"]
[TimeControl "180+1"]
[EndTime "10:00:31 PDT"]
[Termination "FREDERICKtheMATE won by resignation"]

1. d4 Nf6 2. c4 d6 3. Nf3 g6 4. Nc3 Bf5 5. Qb3 b6 6. g3 Nc6 7. Bg2 Bg7 8. O-O O-O 9. Rd1 Na5 10. Qa4 Bd7 11. Qc2 Nxc4 12. Nd2 Nxd2 13. Bxa8 Qxa8 14. Bxd2 c5 15. dxc5 bxc5 16. Bg5 Rb8 17. Bxf6 Bxf6 18. b3 Bc6 19. Rac1 h5 20. Qd3 Rb4 21. Nd5 Bxd5 22. Qxd5 Qxd5 23. Rxd5 Bd4 24. e3 Bb2 25. Rc4 Rb7 26.
Rd2 Ba3 27. Ra4 Bb4 28. Rc2 d5 29. a3 Be1 30. Kf1 1-0